 Dungeon Crawl Stone Soup version 0.17-a0-1636-g3119f2b (webtiles) character file.

80 karlkraus the Sneak (level 4, -1/31 HPs)
             Began as an Octopode Monk on Aug 6, 2015.
             Slain by an ooze (3 damage)
             ... on level 3 of the Dungeon.
             The game lasted 00:02:14 (1480 turns).

karlkraus the Sneak (Octopode Monk)                 Turns: 1480, Time: 00:02:15

Health: -1/31      AC:  1    Str: 11    XL:     4   Next: 39%
Magic:  4/4        EV: 13    Int: 12    God:
Gold:   154        SH:  0    Dex: 14    Spells: 0 memorised, 3 levels left

rFire  . . .     SeeInvis .       - Unarmed
rCold  . . .     Clarity  .     (no shield)
rNeg   . . .     SustAt   .     (helmet restricted)
rPois  +         Gourm    .     (no amulet)
rElec  .         Spirit   .     d - ring of poison resistance
rCorr  .         Warding  .     (no ring)
rMut   .         Stasis   .     (no ring)
MR     .....                    (no ring)
Stlth  ++++......               (no ring)
                                (no ring)
                                (no ring)
                                (no ring)

@: not resistant to hostile enchantments, stealthy
A: almost no armour, amphibious, 8 rings, constrict 8, camouflage 1, gelatinous
body 1
a: no special abilities


You were on level 3 of the Dungeon.
You were near starving.

You visited 1 branch of the dungeon, and saw 3 of its levels.

You collected 154 gold pieces.

Inventory:

Jewellery
 d - a ring of poison resistance (left tentacle)
Scrolls
 b - a scroll of remove curse {unknown}
 c - 2 scrolls of teleportation {unknown}
 f - a scroll of random uselessness {unknown}
 g - 2 scrolls of identify {unknown}
 h - a scroll of noise {unknown}
 i - a scroll of blinking {unknown}
 j - 3 scrolls of immolation {unknown}
Potions
 e - a potion of ambrosia {unknown}
 k - a potion of degeneration {unknown}
 l - a potion of brilliance {unknown}
Comestibles
 a - a bread ration


   Skills:
 + Level 3.3 Fighting
 + Level 3.4 Dodging
 + Level 4.8 Stealth
 + Level 4.3 Unarmed Combat


You had 3 spell levels left.
You didn't know any spells.

Dungeon Overview and Level Annotations

Branches:
Dungeon (3/15)

Altars:
Okawaru


Innate Abilities, Weirdness & Mutations

You cannot wear most types of armour.
You are amphibious.
You can wear up to eight rings at the same time.
You can use your tentacles to constrict eight enemies at once.
Your skin changes colour to match your surroundings (Stealth).
Your rubbery body absorbs attacks (AC +1).


Message History

The worker ant waves its antennae.
The worker ant bites you. The ooze barely misses you. The worker ant bites you.
* * * LOW HITPOINT WARNING * * *
The iguana bites you.
* * * LOW HITPOINT WARNING * * *
You tentacle-slap the worker ant.
You kill the worker ant!
You constrict the iguana. The ooze barely misses you. The rat bites you.
* * * LOW HITPOINT WARNING * * *
You release your grip on the iguana.
The iguana closely misses you. The ooze closely misses you.
Found a falchion.
You see here a worker ant corpse.
The iguana misses you.
You tentacle-slap the ooze.
The ooze is heavily wounded.
The iguana bites you.
* * * LOW HITPOINT WARNING * * *
The ooze hits you.
You die...

........###.....
.........#.......
..#..............
#..#...#.........
.................
.................
.##..............
........l........
.......rJ@.......
.....####........
..... #........
.... #........
... ##....... ..r
#.....# .#.###
..)#


You could see an iguana, an ooze and a rat.

Vanquished Creatures
  A worker ant (D:3)
  A shadow imp (D:2)
  An ooze (D:1)
  A worm (D:2)
  8 bats (D:1)
  5 giant cockroaches
  2 hobgoblins (D:1)
  4 kobolds
  3 ball pythons (D:1)
  A giant gecko (D:1)
  2 giant newts
  7 goblins
  2 jackals (D:2)
  5 rats
43 creatures vanquished.

Notes
Turn   | Place    | Note
--------------------------------------------------------------
     0 | D:1      | karlkraus the Octopode Monk began the quest for the Orb.
     0 | D:1      | Reached XP level 1. HP: 16/16 MP: 1/1
   110 | D:1      | Reached XP level 2. HP: 19/21 MP: 2/2
   365 | D:1      | Reached XP level 3. HP: 24/26 MP: 3/3
  1010 | D:2      | Found an iron altar of Okawaru.
  1469 | D:2      | Reached XP level 4. HP: 21/31 MP: 4/4
  1480 | D:3      | Slain by an ooze

Vault maps used:
D:1:      dpeg_arrival_shrine, minmay_misc_feat_five, hangedman_decor_growths
D:2:      lemuel_round_altar, serial_forest, infiniplex_forest_lined_3,
          infiniplex_forest_zigzag_1, infiniplex_forest_straight_2,
          infiniplex_forest_straight_2, infiniplex_forest_clump_C,
          infiniplex_forest_clump_tiny, minmay_bad_closet,
          kennysheep_cluttered_room
D:3:      nicolae_overflow_hidden_temple, ecumenical_altar_1

Action                   |  1- 3 |  4- 6 || total
-------------------------+-------+-------++-------
Melee: Unarmed           |    80 |     7 ||    87
 Stab: Sleeping          |    18 |       ||    18
